cohdb
Replays
Latest Replays
All Replays
Popular Replays
Top Player Replays
Match Explorer
How It Works
Community
CoH3 Stats
Reddit
Sign in to upload your games and track your stats! →
Sign in with Steam
Match 38849770
Unlisted
Match 38849770
Overview
Messages
Build Orders
End
Selects Australian Defense Battlegroup
Selects Australian Light Infantry Section
Australian Light Infantry Section
Construct Field Infirmary
Construct Section Command Post
Infantry Section
Infantry Section
Construct Field Infirmary
Grenade Package
ML 3-inch Mortar Team
Selects CMP 15cwt Supply Run
Construct Platoon Command Post
CMP 15cwt Truck
6-pounder Anti-tank Gun Team
AI Takeover
Kradziej
rich_2k3
Trunkie88
qZeto
BIOHAZARD
Gorgolo
0
0
Comments
sign in to comment!
No comments posted yet!